 Dungeon Sprint DCSS version 0.30-a0-1094-g860fb061e7 (webtiles) character file.

Game seed: 4709321786518510590

8 BigDaddyOpFi the Trooper (level 2, 0/28 HPs)
             Began as a Hill Orc Fighter on Apr 17, 2023.
             Slain by an ogre
             ... wielding a +0 giant spiked club
              (19 damage)
             ... in the Dungeon (Sprint IX: "|||||||||||||||||||||||||||||").
             The game lasted 00:00:16 (179 turns).

BigDaddyOpFi the Trooper (Hill Orc Fighter)          Turns: 179, Time: 00:00:17

Health: 0/28       AC:  7    Str: 18    XL:     2   Next: 8%
Magic:  2/2        EV:  9    Int:  8    God:
Gold:   0          SH:  4    Dex: 10    Spells: 1/1 levels left

rFire   . . .      SeeInvis .    a - +0 war axe
rCold   . . .      Faith    .    c - +0 buckler
rNeg    . . .      Spirit   .    b - +0 scale mail
rPois   .          Reflect  .    (no helmet)
rElec   .          Rampage  .    (no cloak)
rCorr   .          NoTele   +    (no gloves)
Will    .....                    (no boots) Stlth
                                 (no amulet)
HPRegen 0.24/turn                (no ring)
MPRegen 0.08/turn                (no ring)

@: no status effects
A: no striking features
a: no special abilities


You were in the Dungeon.
You visited 1 branch

Inventory:

Hand Weapons
 a - a +0 war axe (weapon)
Armour
 b - a +0 scale mail (worn)
 c - a +0 buckler (worn)
Scrolls
 j - a scroll of blinking
Potions
 d - a potion of might
 e - a potion of curing
 f - a potion of heal wounds
 g - a potion of haste
 h - 2 potions of magic
 i - a potion of berserk rage


   Skills:
 + Level 4.3 Fighting
 + Level 3.7 Axes
 + Level 3.9 Armour
 + Level 3.9 Shields


You had one spell level left.
You didn't know any spells.
Your spell library was empty.

Dungeon Overview and Level Annotations

Branches:
Dungeon (1/1)

Altars:


Message History

You kill the kobold!
The hobgoblin hits you but does no damage.
Your Fighting skill increases to level 4!
You closely miss the hobgoblin. The hobgoblin barely misses you.
You slash the hobgoblin!
You kill the hobgoblin!
The jackal bites you.
You barely miss the jackal. The jackal bites you.
The jackal bites you but does no damage.
You barely miss the jackal.
The jackal bites you but does no damage. x2
You hit the jackal.
You kill the jackal!
There is an open door to the Dungeon here.
Items here: ( )) †††.
You start resting.
HP restored.
You start waiting.
Done waiting.
There is an open door to the Dungeon here.
Items here: ( )) †††.
Okay, then.
You open the door.
A gnoll, a quokka, an ice beast, an ogre and an orc come into view.
The gnoll shouts!
The ogre shouts!
The orc shouts!
There are monsters nearby!
You slash the orc!
The orc is almost dead.
The orc hits you with a +0 hand axe. The orc barely misses you.
You slash the orc!
You kill the orc!
You have reached level 2!
You barely miss the ogre. The ogre closely misses you.
You barely miss the ogre.
The ogre hits you with a +0 giant spiked club!
You barely miss the ogre. The ogre completely misses you.
You hit the ogre but do no damage.
The ogre hits you with a +0 giant spiked club!!
Ouch! That really hurt!
You die...

▓+▓
▓.▓
▓.▓
▓g▓
▓r▓
▓Y▓
▓O▓
▓@▓
▓.▓
▓.▓
▓.▓
▓.▓
▓)▓
▓.▓
▓.▓
▓.▓


You could see an ice beast, an ogre, a gnoll and a quokka.

Vanquished Creatures
  An orc (D)
  A ball python (D)
  A hobgoblin (D)
  A jackal (D)
  2 kobolds (D)
6 creatures vanquished.

Notes
Turn   | Place    | Note
-------+----------+-------------------------------------------
     0 | D        | BigDaddyOpFi the Hill Orc Fighter began the quest for the
                  | Orb.
     0 | D        | Reached XP level 1. HP: 19/19 MP: 1/1
    30 | D        | Reached skill level 4 in Fighting
   173 | D        | Noticed an ice beast
   173 | D        | Noticed an ogre
   176 | D        | Reached XP level 2. HP: 27/28 MP: 2/2
   179 | D        | Slain by an ogre

Illustrated notes

Levels and vault maps discovered:
D:        linesprint [early_d, line_temple, items_1, d_10, items_2, lair_1,
          lair_end, items_3, orc_1, orc_end, items_4, d_15, swamp_1, shoals_1,
          snake_1, spider_1, d_20, vaults_1, items_5, swamp_end, shoals_end,
          snake_end, spider_end, vaults_end, d_27, items_6, zot_1, zot_end,
          crypt_end, forest_end, elf_end, slime_end, tomb_end, abyss_end,
          pan_hell_end]

Skill      XL: |  1 |
---------------+----+-----
Axes           | 3 |  3.7
Fighting       | 4 |  4.3
Armour         | |  3.9
Shields        | |  3.9

Action                     || total
---------------------------++-------
  Melee: War axe           ||    37
 Armour: Scale mail        ||    16
  Dodge: Dodged            ||    14
  Block: Buckler           ||     7

Table legend: (Time is in decaauts)
 A = Elapsed time spent in this place.
 B = Non-inter-level travel time spent in this place.
 C = Inter-level travel time spent in this place.
 D = Time resting spent in this place.
 E = Time spent auto-exploring this place.
 F = Levels seen in this place.
 G = Mean time per level.
                   A        B        C        D        E       F      G
               +--------+--------+--------+--------+--------+-----+--------+
         Total |    192 |    192 |      0 |    130 |      0 |   1 |  192.0 |
       Dungeon |    192 |    192 |      0 |    130 |      0 |   1 |  192.0 |
               +--------+--------+--------+--------+--------+-----+--------+

Top non-repeatable levels by time:
       D: 192 daAuts
